 Dungeon Crawl Stone Soup version 0.28.0-1-gb440e238dd (webtiles) character file.

Game seed: 13631270978755734422

48 Akaron the Chiller (level 3, -3/22 HPs)
             Began as an Octopode Ice Elementalist on Feb 19, 2022.
             Slain by an orc (5 damage)
             ... on level 2 of the Dungeon.
             The game lasted 00:02:14 (1439 turns).

Akaron the Chiller (Octopode Ice Elementalist)      Turns: 1439, Time: 00:02:15

Health: -3/22      AC:  1    Str:  7    XL:     3   Next: 72%
Magic:  0/6        EV: 13    Int: 17    God:
Gold:   15         SH:  0    Dex: 14    Spells: 5/6 levels left

rFire   . . .      SeeInvis .   d - +0 dagger
rCold   . . .      Faith    .   (no shield)
rNeg    . . .      Spirit   .   (helmet restricted)
rPois   .          Reflect  .   (no amulet)
rElec   .          Harm     .   (no ring)
rCorr   .          Rampage  .   (no ring)
Will    .....                   (no ring)
Stlth   +++.......              (no ring)
HPRegen 0.07/turn               (no ring)
MPRegen 0.10/turn               (no ring)
                                (no ring)
                                (no ring)

@: no status effects
A: almost no armour, amphibious, 8 rings, camouflage 1, gelatinous body 1,
(nimble swimmer 1), tentacles
a: no special abilities


You were on level 2 of the Dungeon.
You visited 1 branch of the dungeon, and saw 2 of its levels.

You collected 15 gold pieces.

Inventory:

Hand Weapons
 d - a +0 dagger (weapon)
Scrolls
 a - 4 scrolls of identify {unknown}
 b - a scroll of magic mapping {unknown}
 c - a scroll of enchant armour {unknown}
 e - a scroll of vulnerability {unknown}


   Skills:
 + Level 0.4 Fighting
 + Level 0.1 Short Blades
 + Level 2.0 Dodging
 + Level 3.1 Stealth
 + Level 2.3 Spellcasting
 + Level 4.8 Ice Magic


You had 5 spell levels left.
You knew the following spells:

 Your Spells              Type           Power      Damage    Failure   Level
a - Freeze                Ice            72%        1d9       2%          1

Your spell library contained the following spells:

 Spells                   Type           Power      Damage    Failure   Level
 Frozen Ramparts          Ice            36%        1d5       8%          3
 Ozocubu's Armour         Ice            18%        N/A       8%          3
 Hailstorm                Conj/Ice       10%        3d5       56%         4


Dungeon Overview and Level Annotations

Branches:
Dungeon (2/15)

Altars:


Innate Abilities, Weirdness & Mutations

You cannot wear most types of armour.
You are amphibious.
You can wear up to eight rings at the same time.
Your skin changes colour to match your surroundings (Stealth+).
Your rubbery body absorbs attacks. (AC +1, EV +1)
((You are camouflaged when in or above water. (Stealth+)))
You have tentacles for arms and can constrict up to eight enemies at once.


Message History

No target in view!
There is a stone staircase leading down here.
You climb downwards.
There is a stone staircase leading up here.
The orc wizard shouts!
The orc shouts! x2
You freeze the orc wizard.
The orc wizard is moderately wounded.
The orc wizard barely misses you.
You freeze the orc wizard.
The orc wizard is heavily wounded.
The orc throws a boomerang.
The boomerang misses you.
You freeze the orc.
The orc is moderately wounded.
A bat comes into view.
The orc barely misses you.
You freeze the orc wizard.
The orc wizard is severely wounded.
The orc misses you.
You freeze the orc wizard.
You kill the orc wizard!
The orc hits you with a +0 hand axe. The orc barely misses you.
Your Stealth skill increases to level 3!
You freeze the orc.
The orc is severely wounded.
The bat hits you but does no damage.
The orc hits you with a +2 dagger of speed.
The orc misses you.
You are too depleted to draw on your mana recklessly!
Unknown command.
You are too depleted to draw on your mana recklessly!
You hit the orc but do no damage. You grab the orc.
The orc is severely wounded.
You constrict the orc, but do no damage.
The bat hits you but does no damage.
The orc hits you with a +2 dagger of speed. x2
The orc hits you with a +0 hand axe!
* * * LOW HITPOINT WARNING * * *
You release your grip on the orc.
The bat hits you but does no damage.
The orc hits you with a +2 dagger of speed.
You die...

#.........
#.........
#.........
#.........
#.........
#.........
#.o)......
#@bo..#
#.....#
#######


You could see 2 orcs and a bat.

Vanquished Creatures
  An orc wizard (D:2)
  An endoplasm (D:1)
  2 hobgoblins (D:1)
  6 kobolds (D:1)
  2 quokkas (D:1)
  3 ball pythons (D:1)
  A bat (D:1)
  2 frilled lizards (D:1)
  2 goblins (D:1)
  5 rats (D:1)
25 creatures vanquished.

Notes
Turn   | Place    | Note
-------+----------+-------------------------------------------
     0 | D:1      | Akaron the Octopode Ice Elementalist began the quest for
                  | the Orb.
     0 | D:1      | Reached XP level 1. HP: 11/11 MP: 3/3
   413 | D:1      | Reached XP level 2. HP: 5/17 MP: 0/5
  1411 | D:1      | Reached XP level 3. HP: 21/21 MP: 6/6
  1438 | D:2      | HP: 1/22 [orc (7)]
  1439 | D:2      | Slain by an orc

Illustrated notes

Levels and vault maps discovered:
D:1:      wheals_arrival_shading, layout_basic
D:2:      layout_basic, uniq_robin

Skill      XL: |  1  2  3 |
---------------+----------+-----
Stealth        | 3 |  3.1
Fighting       | |  0.4
Short Blades   | |  0.1
Dodging        | |  2.0
Spellcasting   | |  2.3
Ice Magic      | |  4.8

Action                   || total
-------------------------++-------
Melee: Unarmed           ||     6
       Tentacles         ||     3
       Constrict         ||     3
       Dagger            ||     8
 Cast: Freeze            ||    28
 Stab: Sleeping          ||     6
Armor: Skin              ||     4
Dodge: Dodged            ||    22
